 Dungeon Crawl Stone Soup version 0.32-a0-732-ga344392067 (webtiles) character file.

Game seed: 1002908061537143638

1677205 ragingrage the Acrobat (level 26, 177/177 HPs)
             Began as a Deep Elf Hunter on Mar 16, 2024.
             Was the Champion of Ru.
             Escaped with the Orb
             ... and 3 runes!
             The game lasted 01:55:18 (68951 turns).

ragingrage the Acrobat (Deep Elf Hunter)           Turns: 68951, Time: 01:55:18

Health: 177/177    AC: 20    Str:  7 (8)  XL:     26   Next: 50%
Magic:  56/56      EV: 35    Int: 27      God:    Ru [******]
Gold:   5128       SH:  0    Dex: 28      Spells: 23/61 levels left

rFire   + . .        b - +7 arbalest of Karma {speed, rC++ Int-2 Dex+3}
rCold   + + .        (shield currently unavailable)
rNeg    . . .        F - +3 leather armour {rF+}
rPois   +            I - +2 helmet
rElec   +            Q - +2 cloak {Will+}
rCorr   .            T - +0 pair of gloves "Afuss" {Rampage rPois Str+3 Slay+6}
SInv    .            B - +2 pair of boots of the Orb {rPois rC+ MP+9}
Will    +++..        p - amulet of guardian spirit
Stlth   ++           L - ring of Zianoc {rF+ Int+6 Slay+3}
HPRegen 0.49/turn    P - ring of Bigethek {rElec rPois AC+4 Slay+2}
MPRegen 0.35/turn

%: random rage (3%), guardian spirit, rampage
@: no status effects
A: inability to read after injury 2, cowardly, inability to train armour,
disrupted magic 1, temperature sensitive, hooves 1, berserk 1, clever 1,
deterioration 2, screaming 1, weak 1, inability to drink after injury 1
0: Orb of Zot
}: 3/15 runes: barnacled, silver, gossamer
a: Renounce Religion, Draw Out Power, Power Leap, Apocalypse


You escaped.
You worshipped Ru.
Ru was exalted by your worship.
You visited 10 branches of the dungeon, and saw 48 of its levels.
You also visited: Bailey and Ice Cave.

You collected 9183 gold pieces.
You spent 4055 gold pieces at shops.

Inventory:

Hand Weapons
 b - the +7 arbalest of Karma (weapon) {speed, rC++ Int-2 Dex+3}
   (You found it on level 14 of the Dungeon)

   Int-2:     It affects your intelligence (-2).
   Dex+3:     It affects your dexterity (+3).
   rC++:      It greatly protects you from cold.
Missiles
 O - 7 throwing nets
Armour
 B - the +2 pair of boots of the Orb (worn) {rPois rC+ MP+9}
   (You found it on level 7 of the Dungeon)

   rC+:       It protects you from cold.
   rPois:     It protects you from poison.
   MP+9:      It affects your magic capacity (+9).
 F - a +3 leather armour of fire resistance (worn)
 I - a +2 helmet (worn)
 Q - a +2 cloak of willpower (worn)
 T - the +0 pair of gloves "Afuss" (worn) {Rampage rPois Str+3 Slay+6}
   (You bought it in a shop on level 1 of the Elven Halls)

   Str+3:     It affects your strength (+3).
   Slay+6:    It affects your accuracy & damage with ranged weapons and melee
   (+6).
   rPois:     It protects you from poison.
   Rampage:   It bestows one free step when moving towards enemies.
Jewellery
 k - the ring of Xom's Bemusement {Slay+4 SInv}
   (You took it off a deep elf demonologist on level 3 of the Elven Halls)

   [ring of slaying]

   Slay+4:    It affects your accuracy & damage with ranged weapons and melee
   (+4).
   SInv:      It lets you see invisible.
 p - an amulet of guardian spirit (around neck)
 y - a ring of resist corrosion
 L - the ring of Zianoc (left hand) {rF+ Int+6 Slay+3}
   (You took it off a deep elf sorcerer on level 3 of the Elven Halls)

   [ring of intelligence]

   Int+6:     It affects your intelligence (+6).
   Slay+3:    It affects your accuracy & damage with ranged weapons and melee
   (+3).
   rF+:       It protects you from fire.
 P - the ring of Bigethek (right hand) {rElec rPois AC+4 Slay+2}
   (You took it off a deep elf blademaster on level 3 of the Elven Halls)

   [ring of protection]

   AC+4:      It affects your AC (+4).
   Slay+2:    It affects your accuracy & damage with ranged weapons and melee
   (+2).
   rElec:     It insulates you from electricity.
   rPois:     It protects you from poison.
Wands
 h - a wand of warping (49)
 j - a wand of acid (11)
 n - a wand of digging (9)
 x - a wand of polymorph (43)
 A - a wand of mindburst (39)
 Z - a wand of paralysis (39)
Scrolls
 a - 4 scrolls of fog
 d - 3 scrolls of torment
 e - 4 scrolls of noise
 f - 5 scrolls of silence
 l - 28 scrolls of teleportation
 o - 8 scrolls of revelation
 s - 10 scrolls of vulnerability
 t - 7 scrolls of poison
 u - 3 scrolls of summoning
 D - 11 scrolls of immolation
 E - 9 scrolls of fear
 K - a scroll of butterflies
 M - 4 scrolls of blinking
 W - 5 scrolls of enchant armour
Potions
 c - 11 potions of lignification
 g - 25 potions of curing
 i - 2 potions of cancellation
 m - 7 potions of invisibility
 r - 2 potions of berserk rage
 v - 5 potions of resistance
 w - 7 potions of magic
 z - 9 potions of haste
 C - 14 potions of heal wounds
 G - 6 potions of attraction
 H - 10 potions of enlightenment
 J - 4 potions of mutation
 N - 8 potions of ambrosia
 U - 8 potions of brilliance
 Y - 4 potions of might
Miscellaneous
 q - a box of beasts (inert)
 R - a phantom mirror
 S - a lightning rod (4/4)
 V - a phial of floods


   Skills:
 + Level 21.4 Fighting
 - Level 20.0 Ranged Weapons
 - Level 25.0 Dodging
 - Level 14.0 Stealth
 - Level 18.1 Spellcasting
 - Level 16.0 Conjurations
 - Level 15.0 Summonings
 - Level 11.0 Necromancy
 - Level 8.0 Fire Magic
 - Level 10.0 Earth Magic
 - Level 13.0 Alchemy
 - Level 21.0 Evocations


You had 23 spell levels left.
You knew the following spells:

 Your Spells              Type           Power      Damage    Failure   Level
a - Fugue of the Fallen   Necr           71%        N/A       1%          3
b - Spellforged Servitor  Conj/Summ      41%        N/A       7%          7
c - Irradiate             Conj/Alch      40%        3d25      1%          5
d - Olgreb's Toxic Radia  Alch           76%        N/A       1%          4
e - Orb of Destruction    Conj           42%        9d12      5%          7
f - Ignite Poison         Fire/Alch      69%        N/A       1%          4
g - Borgnjor's Vile Clut  Necr/Erth      34%        N/A       2%          5
h - Passwall              Erth           68%        N/A       1%          3

Your spell library contained the following spells:

 Spells                   Type           Power      Damage    Failure   Level
 Foxfire                  Conj/Fire      100%       2x1d9     1%          1
 Necrotise                Necr           100%       1d9       1%          1
 Sting                    Conj/Alch      100%       1d9       1%          1
 Cigotuvi's Dreadful Rot  Necr/Alch/Air  100%       N/A       1%          2
 Mercury Vapours          Alch/Air       100%       N/A       1%          2
 Searing Ray              Conj           100%       2d8       1%          2
 Sublimation of Blood     Necr           71%        N/A       1%          2
 Dazzling Flash           Conj/Hex       100%       N/A       1%          3
 Hailstorm                Conj/Ice       61%        3d11      1%          3
 Mephitic Cloud           Conj/Alch/Air  67%        N/A       1%          3
 Vampiric Draining        Necr           71%        2d11      1%          3
 Animate Armour           Summ/Erth      100%       N/A       1%          4
 Animate Dead             Necr           71%        N/A       1%          4
 Brom's Barrelling Bould  Conj/Erth      76%        2d9       1%          4
 Flame Wave               Conj/Fire      73%        2d16      1%          4
 Fulminant Prism          Conj/Alch      40%        3d19      1%          4
 Leda's Liquefaction      Alch/Erth      36%        N/A       1%          4
 Martyr's Knell           Necr/Summ      76%        N/A       1%          4
 Petrify                  Alch/Erth      72%        N/A       1%          4
 Sticky Flame             Fire/Alch      69%        2d11      1%          4
 Summon Blazeheart Golem  Fire/Summ      72%        N/A       1%          4
 Alistair's Intoxication  Alch           50%        N/A       1%          5
 Curse of Agony           Necr           71%        N/A       1%          5
 Fireball                 Conj/Fire      36%        3d15      1%          5
 Iskenderun's Battlesphe  Conj           84%        2d13      1%          5
 Iskenderun's Mystic Bla  Conj/Tloc      61%        2d13      2%          4
 Lee's Rapid Deconstruct  Erth           34%        3d17*     2%          5
 Volatile Blastmotes      Fire/Tloc      92%        2d17      3%          3
 Bombard                  Conj/Erth      38%        9d7       3%          6
 Eringya's Noxious Bog    Alch           38%        4d6       3%          6
 Freeze                   Ice            96%        1d10      4%          1
 Slow                     Hex            96%        N/A       4%          1
 Starburst                Conj/Fire      36%        6d11      5%          6
 Summon Forest            Summ/Tloc      30%        N/A       6%          5
 Monstrous Menagerie      Summ           40%        N/A       8%          7
 Summon Hydra             Summ           40%        N/A       8%          7
 Confusing Touch          Hex            24%        N/A       13%         3
 Frozen Ramparts          Ice            48%        1d8       13%         3
 Gell's Gravitas          Tloc           24%        N/A       13%         3
 Teleport Other           Tloc           24%        N/A       13%         3
 Freezing Cloud           Conj/Ice/Air   26%        6-21      13%         5
 Haunt                    Necr/Summ      38%        N/A       17%         7
 Conjure Ball Lightning   Conj/Air       30%        3x3d10    22%         6
 Manifold Assault         Tloc           24%        N/A       36%         4
 Sculpt Simulacrum        Ice/Alch       28%        N/A       38%         6
 Metabolic Englaciation   Hex/Ice        12%        N/A       69%         5
 Silence                  Hex/Air        12%        N/A       69%         5
 Plasma Beam              Fire/Air       23%        2x1d35    71%         6
 Lehudib's Crystal Spear  Conj/Erth      38%        10d9      73%         8
 Infestation              Necr           35%        N/A       94%         8
 Dispersal                Tloc           12%        N/A       99%         6
 Ozocubu's Refrigeration  Ice            12%        4d10      100%        7
 Discord                  Hex            12%        N/A       100%        8
 Disjunction              Tloc           12%        N/A       100%        8
 Ignition                 Fire           30%        3d10      100%        8
 Maxwell's Capacitive Co  Air            12%        ∞         100%        8
 Chain Lightning          Conj/Air       30%        3d40      100%        9
 Fire Storm               Conj/Fire      36%        8d9       100%        9
 Polar Vortex             Ice            12%        12d1*     100%        9
 Shatter                  Erth           34%        3d27*     100%        9


Dungeon Overview and Level Annotations

Branches:
Dungeon (15/15)            Temple (1/1) D:6            Lair (5/5) D:10
 Shoals (4/4) Lair:3       Spider (4/4) Lair:3        Slime (0/5) Lair:5
    Orc (2/2) D:10            Elf (3/3) Orc:2        Vaults (5/5) D:14
  Crypt (0/3) Vaults:2     Depths (4/4) D:15            Zot (5/5) Depths:4
 Bailey (visited)           IceCv (visited)

Altars:
Ashenzari
Cheibriados
Dithmenos
Elyvilon
Fedhas
Gozag
Hepliaklqana
Kikubaaqudgha
Makhleb
Nemelex Xobeh
Okawaru
Qazlal
Ru
Sif Muna
Trog
Uskayaw
Vehumet
Wu Jian
Xom
Yredelemnul
Zin
The Shining One
Beogh
Jiyva
Lugonu

Shops:
D:4 [   Orc:2 [(*=   Elf:1 *[*   Elf:2 [(!?   Shoals:2 **?*[   Shoals:3 :
Vaults:4 (   Vaults:5 (?!??   Depths:1 ==:   Depths:4 =

Portals:
Hell: Depths:1 Depths:2 Depths:3 Depths:4
Abyss: Lair:5 Depths:3 Depths:4
Pandemonium: Depths:2
Ziggurat: Depths:4

Annotations:
D:4 1 exclusion
D:7 1 runed translucent door, Crazy Yiuf
D:12 exclusion: obsidian statue
Lair:4 exclusion: 2 downstairs
Orc:1 exclusion: downstairs
Vaults:4 36 runed translucent doors, exclusions: door and upstairs, Mennas
Zot:3 1 transporter
Zot:4 exclusion: downstairs


Innate Abilities, Weirdness & Mutations

You sometimes lose the ability to read scrolls when taking damage.
Your cowardice makes you less effective in combat with threatening foes.
You cannot train Armour skill.
Your casting is slightly disrupted.
You are sensitive to extremes of temperature. (rF-, rC-)
You have large cloven feet.
You sometimes lose your temper in combat.
Your mind is acute. (Int +4, Str/Dex -1)
Your body often deteriorates upon taking damage.
You occasionally shout uncontrollably at your foes.
You are weak. (Str -2)
You occasionally lose the ability to drink potions when taking damage.


Message History

You feel very sick.
Press: ? - help, v - describe, . - travel
Here: Rauqaush, armed with an antimagic touch (translocational energy)
A stone staircase leading down.
You feel very sick.
You climb upwards.
You feel very sick.
There is a stone staircase leading down here.
(D) Dungeon (T) Temple (L) Lair (A) Shoals (N) Spider Nest (M) Slime Pits (O) Orcish Mines (E) Elven Halls (V) Vaults (C) Crypt (U) Depths (H) Hell (Z) Zot
Where to? (Tab/Enter - D:1 @ (x,y), ? - help)
What level of the Dungeon? (default 1, ? - help)
You feel sick.
You feel sick.
You feel sick.
You feel sick.
You feel sick.
You feel sick.
You feel sick.
You are no longer poisoned.
There is a stone staircase leading up here.
You climb upwards.
Level annotation: 1 exclusion
There is a stone staircase leading down here.
There is a stone staircase leading up, spattered with blood here.
You climb upwards.
There is a stone staircase leading down here.
You see here a +0 hand axe.
There is a stone staircase leading up here.
You climb upwards.
There is a stone staircase leading down here.
There is a stone staircase leading up here.
You climb upwards.
There is a stone staircase leading down here.
There is an open door here.
There is a shaft here.
There is a staircase leading out of the dungeon here.
You have escaped!

.#########....#.#..#########.....
.#########.####.#.###########.###
.................................
.#..######.####.....#########..##
##..# ##......###.## ##.## #..#
#..########..##### #... ##..#
#'##≈≈≈≈≈###.....# ###...
....#####ß........######.# #.....
###.#.+....^....@..# #†# #.....
......###ß........## #.###....#
###.#.#.#'##≈≈≈≈≈## #...#....#
###+#'#)...####### ###).....#
##.....##..# ##########)....##
.'.....+...# #...............#
##.....###.# #................
.......###+######................
.......##........................


There were no monsters in sight!

Vanquished Creatures
  3 dread liches
  3 ancient liches
  5 orbs of fire
  A juggernaut (Depths:4)
  Boris (Vaults:4)
  Bai Suzhen (Spider:4)
  2 Killer Klowns (Zot:5)
  Saint Roka (Vaults:5)
  8 caustic shrikes (Depths:4)
  Margery (Vaults:4)
  A curse toe (Zot:3)
  14 golden dragons
  A hellephant (Vaults:4)
  An electric golem (Zot:5)
  Jorgrun (Spider:2)
  Zenata (Vaults:3)
  A walking crystal tome (Depths:1)
  11 tentacled monstrosities
  22 Orb Guardians
  3 liches
  2 walking earthen tomes
  7 titans
  2 deep elf blademasters (Elf:3)
  7 quicksilver dragons
  2 deep elf master archers (Elf:3)
  Frances (Elf:1)
  3 krakens
  Gastronok (Lair:2)
  7 sphinxes
  12 death cobs
  9 tengu reavers
  Polyphemus (Shoals:4)
  Kirke (Elf:1)
  5 shadow dragons
  4 fire giants
  11 storm dragons
  A protean progenitor (Zot:2)
  Donald (Spider:3)
  5 draconian monks
  6 emperor scorpions
  6 draconian knights
  4 deep elf sorcerers
  3 iron dragons
  8 vault wardens
  6 deep elf elementalists (Elf:3)
  Louise (Shoals:3)
  12 ghost moths
  11 frost giants
  3 orc warlords
  4 draconian stormcallers
  5 draconian shifters
  24 ironbound preservers
  5 broodmothers
  6 draconian annihilators
  6 draconian scorchers
  A spriggan defender (Depths:2)
  4 formless jellyfish
  7 ironbound thunderhulks
  10 stone giants
  17 green draconians
  22 very ugly things
  8 deep elf demonologists
  4 vampire knights
  9 deep elf death magi
  A lorocyproca (Depths:4)
  7 red draconians
  10 deep elf annihilators
  9 spark wasps
  A dire elephant (Lair:3)
  4 war gargoyles
  11 black draconians
  2 minotaurs (Shoals:4)
  12 white draconians
  10 purple draconians
  13 yellow draconians
  Snorg (Lair:5)
  11 ettins
  Josephine (Lair:5)
  A crystal guardian (Vaults:4)
  3 merfolk javelineers
  A green death (Depths:2)
  7 entropy weavers
  3 deep elf high priests
  10 fire dragons
  13 yaktaur captains
  4 merfolk impalers
  8 hydras
  28 vault guards
  5 great orbs of eyes
  6 ice dragons
  3 peacekeepers
  A rakshasa (Depths:1)
  10 centaur warriors
  3 ironbound frosthearts
  4 alligator snapping turtles
  2 spriggan air magi
  6 boulder beetles
  2 ogre magi (Vaults:5)
  2 catoblepae
  An alligator (Shoals:2)
  3 radroaches
  3 jorogumos
  4 merfolk avatars
  2 death knights
  14 satyrs (Shoals:4)
  26 dancing weapons
  A death scarab (Spider:2)
  7 two-headed ogres
  7 tengu warriors
  A merfolk aquamancer (Shoals:1)
  A two-headed ogre (shapeshifter) (Vaults:5)
  10 death yaks
  7 deep troll shamans
  7 demonic crawlers
  2 spriggan berserkers
  3 deep troll earth magi
  2 orc high priests (Vaults:5)
  Urug (Orc:2)
  5 hell knights
  13 deep elf knights
  3 thrashing horrors (Lair:5)
  6 iron trolls
  A sixfirhy (Depths:2)
  3 skysharks
  2 goliath frogs (Shoals:2)
  7 pharaoh ants
  A death drake (Lair:3)
  13 sea snakes
  85 deep trolls
  7 glowing orange brains
  12 orb spiders
  10 phantasmal warriors
  3 sun moths
  9 ironbound convokers
  A flayed ghost (Depths:1)
  6 arcanists
  A shadow demon (Zot:3)
  An orange crystal statue (Elf:1)
  An orb spider (shapeshifter) (Depths:3)
  2 thermic dynamos (Elf:2)
  3 lindwurms
  29 harpies
  17 orc knights
  2 sea snakes (shapeshifter)
  4 nameless horrors
  10 deep elf archers
  A harpy (shapeshifter) (Depths:1)
  2 human zombies
  10 steelbarb worms
  26 deep elf pyromancers
  26 deep elf zephyrmancers
  6 necromancers
  43 ugly things
  25 wolf spiders
  A frost giant zombie (Vaults:4)
  A shining eye (shapeshifter) (Vaults:5)
  A shadow dragon skeleton (Vaults:3)
  A salamander (shapeshifter) (Elf:2)
  6 orc sorcerers
  9 cyclopes
  4 meliai
  16 manticores
  A manticore (shapeshifter) (D:15)
  20 fauns
  An elephant (shapeshifter) (Vaults:5)
  6 merfolk sirens
  5 centaur zombies (D:11)
  A fire giant skeleton (Vaults:4)
  3 elephants (Lair:1)
  27 moths of wrath
  4 kobold blastminers
  5 water nymphs
  5 black mambas
  2 guardian serpents (shapeshifter)
  14 vault sentinels
  An ice statue (Lair:5)
  3 smoke demons
  An eye of devastation (Zot:2)
  5 cane toads
  A water nymph (shapeshifter) (Vaults:5)
  2 torpor snails
  An unseen horror (D:12)
  A hellion (Depths:2)
  25 yaktaurs
  2 large abominations (Lair:5)
  An efreet (D:15)
  A rime drake (Lair:1)
  9 komodo dragons
  A kobold demonologist (D:12)
  2 ice devils (Orc:2)
  4 freezing wraiths
  4 tengu conjurers
  12 trolls
  4 polar bears
  24 merfolk
  29 tarantellas
  2 hornets (Depths:3)
  A blink frog (shapeshifter) (Lair:5)
  36 blink frogs
  11 wind drakes
  3 meliai zombies (D:11)
  2 raiju (Lair:5)
  A deep troll zombie (Vaults:3)
  6 dream sheep
  7 snapping turtles
  40 slime creatures
  18 culicivoras
  28 jumping spiders
  A jumping spider (shapeshifter) (D:15)
  4 air elementals
  Sigmund (D:6)
  7 shadows
  13 small abominations (Lair:5)
  4 wyverns
  3 spriggans
  2 ynoxinuls (Lair:5)
  17 water elementals
  6 vampires
  9 wraiths
  2 yaks (shapeshifter)
  5 fire elementals
  54 yaks
  7 hogs (Elf:1)
  12 vampire mosquitoes
  36 redbacks
  7 basilisks
  4 wargs
  2 death yak simulacra (IceCv)
  A naga (shapeshifter) (Vaults:5)
  A chaos spawn (Lair:5)
  A steam dragon (D:9)
  4 acid dragons
  14 water moccasins
  A human simulacrum (Vaults:3)
  4 black bears
  44 orc warriors
  A meliai simulacrum (D:14)
  8 ice beasts
  2 sky beasts (D:7)
  A centaur (D:8)
  A laughing skull (D:12)
  18 wolves
  5 boggarts (Vaults:2)
  16 ogres
  A phantom (D:5)
  6 kobold brigands
  2 gnoll sergeants
  17 bullfrogs
  7 scorpions
  A human skeleton (Vaults:4)
  3 earth elementals
  7 wights
  19 killer bees
  13 howler monkeys
  6 electric eels
  5 jellies
  3 gnoll boudas (D:8)
  4 bombardier beetles
  12 hounds
  22 orc priests
  2 iguanas
  Natasha (D:4)
  24 orc wizards
  2 polar bear simulacra (IceCv)
  A howler monkey zombie (D:11)
  23 gnolls
  6 adders
  A river rat (D:5)
  A shadow imp (D:5)
  5 white imps
  2 ribbon worms
  5 dart slugs
  69 orcs
  9 endoplasms
  4 giant cockroaches
  21 goblins
  9 hobgoblins
  4 jackals
  5 quokkas
  9 ball pythons
  8 bats
  2 frilled lizards
  31 kobolds
  7 rats
  An aspiring flesh (Zot:2)
  A butterfly (Lair:4)
  6 tentacles
2195 creatures vanquished.

Vanquished Creatures (collateral kills)
  A dread lich (Zot:5)
  4 orbs of fire (Zot:5)
  A caustic shrike (Depths:4)
  A curse toe (Zot:3)
  2 golden dragons (Zot:4)
  An electric golem (Zot:5)
  3 Orb Guardians (Zot:5)
  3 tentacled monstrosities
  A death cob (Zot:5)
  A shadow dragon (Depths:4)
  3 draconian knights
  A draconian monk (Zot:2)
  2 draconian shifters
  A protean progenitor (Zot:2)
  2 draconian scorchers
  A vault warden (Vaults:3)
  A frost giant (Zot:2)
  2 draconian annihilators
  7 green draconians
  A purple draconian (Zot:2)
  A yellow draconian (Zot:1)
  2 red draconians
  3 white draconians
  2 spark wasps (Depths:4)
  An ice dragon (Depths:4)
  3 fire dragons
  An ogre mage (Vaults:5)
  A tengu warrior (Depths:3)
  A hell knight (Vaults:4)
  An iron troll (Depths:4)
  A necromancer (Depths:4)
  An ugly thing (Depths:3)
  A vault sentinel (Vaults:4)
  An eye of devastation (Zot:2)
  2 yaktaurs (Vaults:3)
  An aspiring flesh (Zot:2)
62 creatures vanquished.

Vanquished Creatures (others)
  An ancient lich (Vaults:5)
  A golden dragon (Zot:3)
  A lich (Zot:2)
  2 Orb Guardians (Zot:5)
  3 fire giants
  A draconian monk (Zot:5)
  A deep elf sorcerer (Zot:2)
  An orc warlord (Orc:1)
  A stone giant (Vaults:5)
  A deep elf annihilator (Elf:3)
  A red draconian (Zot:2)
  A purple draconian (Zot:3)
  4 yellow draconians
  A tengu warrior (D:15)
  A deep elf knight (Elf:2)
  A lindwurm (Lair:4)
  2 deep elf zephyrmancers (Elf:1)
  2 harpies
  A wolf spider (D:14)
  A manticore (Shoals:2)
  A moth of wrath (Zot:2)
  A yaktaur (Vaults:3)
  A hellwing (Depths:3)
  A vampire (D:11)
  A wraith (D:13)
  An orc priest (Vaults:5)
  An orc wizard (D:13)
  An orc (D:3)
  10 tentacles
46 creatures vanquished.

Grand Total: 2303 creatures vanquished

Notes
Turn   | Place    | Note
-------+----------+-------------------------------------------
     0 | D:1      | ragingrage the Deep Elf Hunter began the quest for the Orb.
     0 | D:1      | Reached XP level 1. HP: 12/12 MP: 3/3
   139 | D:1      | Reached XP level 2. HP: 16/16 MP: 4/4
   386 | D:1      | Reached XP level 3. HP: 20/20 MP: 5/5
   800 | D:2      | Found a faded altar of an unknown god.
   884 | D:2      | You fall into a shaft and drop 2 floors!
   900 | D:4      | Reached XP level 4. HP: 25/25 MP: 6/6
  1323 | D:5      | Entered Level 5 of the Dungeon
  1327 | D:5      | Reached XP level 5. HP: 18/29 MP: 7/7
  1934 | D:4      | Learned a level 4 spell: Olgreb's Toxic Radiance
  1973 | D:4      | Found Emuhar's Armour Emporium.
  2044 | D:3      | Noticed Natasha
  2166 | D:4      | Killed Natasha
  2167 | D:4      | Reached skill level 1 in Spellcasting
  2343 | D:4      | Reached skill level 1 in Alchemy
  2343 | D:4      | Reached XP level 6. HP: 28/34 MP: 7/10
  2428 | D:3      | Found a hide-covered altar of Uskayaw.
  3694 | D:5      | Noticed a water moccasin
  3772 | D:5      | Reached XP level 7. HP: 38/38 MP: 12/12
  3830 | D:5      | Reached skill level 10 in Ranged Weapons
  4609 | D:5      | Identified 2 scrolls of acquirement
  4613 | D:5      | Acquired a +4 arbalest of flaming
  4730 | D:6      | Reached skill level 3 in Dodging
  4751 | D:6      | Reached XP level 8. HP: 44/44 MP: 13/13
  4752 | D:6      | Identified the +1 hand axe of the Fox {antimagic, Will+
                  | Dex+5}
  4771 | D:6      | Found a staircase to the Ecumenical Temple.
  4778 | Temple   | Entered the Ecumenical Temple
  4795 | Temple   | Became a worshipper of Ru the Awakened
  4924 | D:5      | Reached skill level 5 in Alchemy
  5269 | D:6      | Reached skill level 4 in Dodging
  5285 | D:6      | Noticed Sigmund
  5423 | D:6      | Killed Sigmund
  5548 | D:7      | Found a runed translucent door.
  5549 | D:7      | Noticed Crazy Yiuf
  5612 | D:7      | Found an iron altar of Okawaru.
  5668 | D:7      | Identified the +10 orcbow of Ituukov {drain, Int+3 Dex+4}
  5741 | D:7      | Found a shimmering blue altar of Sif Muna.
  5748 | D:7      | Identified the +2 pair of boots of the Orb {rPois rC+ MP+9}
  5770 | D:7      | Reached XP level 9. HP: 50/50 MP: 14/14
  5859 | D:7      | Found an ancient bone altar of Kikubaaqudgha.
  5867 | D:7      | Found a basalt altar of Yredelemnul.
  5890 | D:7      | Found a shadowy altar of Dithmenos.
  6165 | D:7      | Gained mutation: Your casting is slightly disrupted. [Ru
                  | sacrifice]
  6613 | D:8      | Noticed a troll
  6842 | D:8      | Reached XP level 10. HP: 56/56 MP: 18/18
  6870 | D:8      | Noticed a two-headed ogre
  6873 | D:8      | Killed a two-headed ogre
  6874 | D:8      | Reached skill level 5 in Spellcasting
  7077 | D:8      | Reached skill level 15 in Ranged Weapons
  7225 | D:8      | Acquired a manual of Evocations
  7742 | D:9      | Gained mutation: You are sensitive to extremes of
                  | temperature. (rF-, rC-) [Ru sacrifice]
  7742 | D:9      | Reached * piety under Ru
  7742 | D:9      | Reached ** piety under Ru
  7742 | D:9      | Reached *** piety under Ru
  7809 | D:9      | Reached skill level 5 in Dodging
  8013 | D:9      | Found a blossoming altar of Fedhas.
  8179 | D:9      | Reached XP level 11. HP: 58/61 MP: 24/24
  8480 | D:9      | Reached skill level 6 in Dodging
  8683 | D:10     | Entered Level 10 of the Dungeon
  8687 | D:10     | Found a staircase to the Lair.
  8701 | D:10     | Noticed a two-headed ogre
  8707 | D:10     | Killed a two-headed ogre
  8717 | D:10     | Reached skill level 5 in Fighting
  8748 | D:10     | Reached skill level 7 in Dodging
  8791 | D:10     | Reached skill level 1 in Evocations
  8796 | D:10     | Found a hazy altar of Hepliaklqana.
  8860 | D:10     | Noticed a two-headed ogre
  8867 | D:10     | Killed a two-headed ogre
  8902 | D:10     | Found a flagged portal.
  8919 | Bailey   | Entered a bailey
  8951 | Bailey   | Gained mutation: Your cowardice makes you less effective in
                  | combat with threatening foes. [Ru sacrifice]
  8951 | Bailey   | Reached **** piety under Ru
  9078 | Bailey   | Noticed an orc knight
  9080 | Bailey   | Noticed an orc knight
  9103 | Bailey   | Killed an orc knight
  9114 | Bailey   | Killed an orc knight
  9115 | Bailey   | Reached skill level 8 in Dodging
  9529 | D:10     | Reached skill level 5 in Evocations
  9658 | D:10     | Found a staircase to the Orcish Mines.
 10091 | D:11     | Reached skill level 9 in Dodging
 10256 | D:11     | Reached XP level 12. HP: 69/72 MP: 26/26
 10445 | D:11     | Reached skill level 10 in Dodging
 10906 | Lair:1   | Entered Level 1 of the Lair of Beasts
 10984 | Lair:1   | Reached skill level 11 in Dodging
 11132 | Lair:1   | Gained mutation: You occasionally lose the ability to read
                  | scrolls when taking damage. [Ru sacrifice]
 11132 | Lair:1   | Gained mutation: You sometimes lose the ability to read
                  | scrolls when taking damage. [Ru sacrifice]
 11132 | Lair:1   | Reached ***** piety under Ru
 11383 | Lair:1   | Reached skill level 12 in Dodging
 12326 | Lair:2   | Noticed Gastronok
 12338 | Lair:2   | Killed Gastronok
 12832 | Lair:3   | Reached XP level 13. HP: 80/80 MP: 27/27
 12949 | Lair:3   | Gained mutation: You cannot train Armour skill. [Ru
                  | sacrifice]
 12949 | Lair:3   | Reached ****** piety under Ru
 12974 | Lair:3   | Found a staircase to the Shoals.
 13001 | Lair:3   | Found a hole to the Spider Nest.
 13032 | Lair:3   | Noticed Nessos
 13034 | Lair:3   | Nessos changed into Nessos the death drake
 13034 | Lair:3   | Noticed Nessos
 13038 | Lair:3   | Killed Nessos the death drake
 13040 | Lair:3   | Reached skill level 13 in Dodging
 13409 | Lair:3   | Noticed a dire elephant
 13429 | Lair:3   | Found a runed translucent door.
 13540 | Lair:3   | You fall into a shaft and drop 2 floors!
 13540 | Lair:5   | Entered Level 5 of the Lair of Beasts
 13555 | Lair:5   | Noticed Snorg
 13572 | Lair:5   | Reached skill level 10 in Fighting
 13572 | Lair:5   | Reached skill level 10 in Spellcasting
 13572 | Lair:5   | Killed Snorg
 13594 | Lair:5   | Reached skill level 14 in Dodging
 13727 | Lair:5   | Noticed Josephine
 13803 | Lair:5   | Identified the +0 whip of Aceisur {flame, rElec Str+2
                  | Dex+2}
 13872 | Lair:5   | Killed Josephine
 13932 | Lair:5   | Reached skill level 5 in Stealth
 14181 | Lair:4   | Reached XP level 14. HP: 88/88 MP: 30/30
 14291 | Lair:4   | Reached skill level 10 in Evocations
 14722 | Lair:4   | Identified the +1 spear of Terror {flame, *Noise +Blink
                  | rPois rF+++}
 15283 | Lair:5   | Reached skill level 15 in Dodging
 15383 | Lair:5   | Found a viscous altar of Jiyva.
 15386 | Lair:5   | Found a staircase to the Slime Pits.
 15983 | Orc:1    | Entered Level 1 of the Orcish Mines
 16020 | Orc:1    | Noticed an orc warlord
 16030 | Orc:1    | Killed an orc warlord
 16323 | Orc:1    | Found a roughly hewn altar of Beogh.
 16742 | Orc:2    | Entered Level 2 of the Orcish Mines
 16784 | Orc:2    | Noticed an orc warlord
 16789 | Orc:2    | Noticed Urug
 16826 | Orc:2    | Reached skill level 16 in Dodging
 16915 | Orc:2    | Found a staircase to the Elven Halls.
 16937 | Orc:2    | Found Wereol's General Store.
 16945 | Orc:2    | Bought a phantom mirror for 640 gold pieces
 17011 | Orc:2    | Found a frozen archway.
 17018 | Orc:2    | Acquired Great Wizards, Vol. II
 17026 | Orc:2    | Learned a level 5 spell: Borgnjor's Vile Clutch
 17029 | IceCv    | Entered an ice cave
 17049 | IceCv    | Found a transporter.
 17061 | IceCv    | Found a transporter.
 17128 | Orc:2    | Found Yblaeff's Antique Armour Emporium.
 17164 | Orc:1    | Reached skill level 1 in Necromancy
 17164 | Orc:1    | Reached skill level 1 in Earth Magic
 17251 | Orc:2    | Killed an orc warlord
 17324 | Orc:2    | Bought a pair of fine gloves for 351 gold pieces
 17324 | Orc:2    | Identified the +1 pair of gloves of Hebil {rC- Dex+4} (You
                  | bought it in a shop on level 2 of the Orcish Mines)
 17334 | Orc:2    | Bought a masterwork leather armour for 259 gold pieces
 17334 | Orc:2    | Identified the +0 leather armour of Blue Skies {rF- rC+
                  | Regen+ Str+5} (You bought it in a shop on level 2 of the
                  | Orcish Mines)
 17380 | Orc:2    | Found Qievoll's Jewellery Emporium.
 17455 | Orc:2    | Found Keyl's Antique Weapon Shoppe.
 17488 | Orc:2    | Killed Urug
 18210 | Lair:5   | Reached XP level 15. HP: 83/86 MP: 31/31
 18217 | Lair:5   | Found a corrupted altar of Lugonu.
 18217 | Lair:5   | Found a one-way gate to the infinite horrors of the Abyss.
 18347 | Lair:5   | Identified the +0 ring mail "Xitoc" {rC++ Will+}
 18887 | D:12     | Noticed a sphinx
 18896 | D:12     | Killed a sphinx
 19191 | D:12     | Reached skill level 5 in Necromancy
 19489 | D:12     | Reached skill level 5 in Earth Magic
 19597 | D:12     | Reached skill level 17 in Dodging
 20023 | D:13     | Learned a level 4 spell: Ignite Poison
 20347 | D:13     | Reached skill level 1 in Fire Magic
 21659 | D:14     | Identified the +0 robe of Gesiv {+Inv rPois}
 21830 | D:14     | Identified the +7 arbalest of Karma {speed, rC++ Int-2
                  | Dex+3}
 21986 | D:14     | Found a gate to the Vaults.
 22161 | D:15     | Entered Level 15 of the Dungeon
 22196 | D:15     | Reached XP level 16. HP: 101/101 MP: 27/32
 22493 | D:15     | Reached skill level 10 in Alchemy
 22649 | D:15     | Found a staircase to the Depths.
 23039 | Lair:3   | Reached skill level 5 in Fire Magic
 23582 | Spider:1 | Entered Level 1 of the Spider Nest
 25073 | Spider:2 | Noticed Jorgrun
 25085 | Spider:2 | Killed Jorgrun
 25803 | Shoals:1 | Entered Level 1 of the Shoals
 25805 | Shoals:1 | Noticed a kraken
 25824 | Shoals:1 | Killed a kraken
 26093 | Shoals:1 | Found Xisipiydd's Weapon Emporium.
 26793 | Shoals:1 | Noticed a titan
 26801 | Shoals:1 | Killed a titan
 26802 | Shoals:1 | Reached XP level 17. HP: 108/108 MP: 29/35
 27069 | Shoals:2 | Found Qudabih's Assorted Antiques.
 27076 | Shoals:2 | Bought a box of beasts for 760 gold pieces
 27476 | Shoals:2 | Found Wir Cytt's Magic Scroll Shoppe.
 27602 | Shoals:2 | Reached skill level 18 in Dodging
 27639 | Shoals:2 | Bought a scroll of acquirement for 624 gold pieces
 27639 | Shoals:2 | Acquired a manual of Evocations
 27660 | Shoals:2 | Found Vuvuehum's Assorted Antiques.
 27664 | Shoals:2 | Bought a cyan potion for 33 gold pieces
 27664 | Shoals:2 | Bought an inky potion for 33 gold pieces
 27682 | Shoals:2 | Found Tusmuzxu's General Store.
 27690 | Shoals:2 | Bought a scroll of fear for 52 gold pieces
 27690 | Shoals:2 | Bought 2 potions of degeneration for 26 gold pieces
 27690 | Shoals:2 | Bought a potion of haste for 130 gold pieces
 27705 | Shoals:2 | Found Viyguw's Antique Armour Emporium.
 27718 | Shoals:2 | Bought a pair of glimmering boots for 237 gold pieces
 27718 | Shoals:2 | Identified the -1 pair of boots of the Apothecary {rF+
                  | rCorr Str+5 Dex-3} (You bought it in a shop on level 2 of
                  | the Shoals)
 27718 | Shoals:2 | Bought a pair of runed gloves for 187 gold pieces
 27718 | Shoals:2 | Bought a glowing helmet for 187 gold pieces
 28463 | Shoals:3 | Noticed Louise
 28471 | Shoals:3 | Killed Louise
 28612 | Shoals:3 | Found Ovusk's Book Shoppe.
 28916 | Shoals:3 | Reached skill level 15 in Evocations
 29152 | Shoals:3 | Identified the +10 long sword of Meixuj {pain, *Slow rPois
                  | rF+ Int+3}
 29379 | Shoals:4 | Entered Level 4 of the Shoals
 29478 | Shoals:4 | Noticed a kraken
 29491 | Shoals:4 | Killed a kraken
 30451 | Shoals:4 | Got a barnacled rune of Zot
 30453 | Shoals:4 | Identified the +0 chain mail of Elyvilon's Envy {rC++
                  | Regen+ Int+4 Stlth-}
 30584 | Shoals:4 | Reached XP level 18. HP: 114/114 MP: 36/36
 30611 | Shoals:4 | Identified the amulet "Togihum" {Acrobat SInv}
 30618 | Shoals:4 | Noticed Polyphemus
 30629 | Shoals:4 | Killed Polyphemus
 30630 | Shoals:4 | Reached skill level 19 in Dodging
 30914 | Shoals:4 | Got the Octavo of Amalgamated Caskets
 31391 | Elf:1    | Entered Level 1 of the Elven Halls
 31900 | Elf:1    | Got the Reference Book on Blasts
 31969 | Elf:1    | Learned a level 5 spell: Irradiate
 32166 | Elf:1    | Noticed Frances
 32174 | Elf:1    | Killed Frances
 32175 | Elf:1    | Reached skill level 1 in Conjurations
 32218 | Elf:1    | Reached skill level 10 in Necromancy
 32233 | Elf:1    | Noticed Kirke
 32239 | Elf:1    | Killed Kirke
 32522 | Elf:1    | Found Toynk's Assorted Antiques.
 32526 | Elf:1    | Found Taeg's Antique Armour Emporium.
 32527 | Elf:1    | Found Qoufik's Assorted Antiques.
 32530 | Elf:1    | Bought a fizzy golden potion for 28 gold pieces
 32530 | Elf:1    | Bought a black potion for 28 gold pieces
 32532 | Elf:1    | Bought a pair of dazzling gloves for 228 gold pieces
 32532 | Elf:1    | Identified the +0 pair of gloves "Afuss" {Rampage rPois
                  | Str+3 Slay+6} (You bought it in a shop on level 1 of the
                  | Elven Halls)
 32684 | Elf:1    | Identified the +0 ring mail "Qainn" {Str+3 Dex+4}
 32963 | Elf:2    | Found Peawam's Weapon Shoppe.
 33008 | Elf:2    | Found Wuytef's Distillery.
 33015 | Elf:2    | Bought a potion of brilliance for 56 gold pieces
 33017 | Elf:2    | Found Alasomp's Magic Scroll Boutique.
 33330 | Elf:2    | Found a runed translucent gate.
 33331 | Elf:2    | Found a runed translucent gate.
 33331 | Elf:2    | Found a runed translucent gate.
 33638 | Elf:2    | Found Futweick's Armour Boutique.
 33809 | Elf:3    | Entered Level 3 of the Elven Halls
 33826 | Elf:3    | Reached skill level 20 in Dodging
 34010 | Elf:3    | Reached skill level 5 in Conjurations
 34856 | Elf:2    | Reached XP level 19. HP: 119/119 MP: 37/37
 36342 | Elf:3    | Identified the amulet of Tutwakh {Faith Int+4 Dex-2 SInv
                  | Stlth+}
 36538 | Elf:3    | Identified the ring of Bigethek {rElec rPois AC+4 Slay+2}
 36560 | Elf:3    | Identified the ring of Zianoc {rF+ Int+6 Slay+3}
 37485 | Elf:3    | Identified the ring of Xom's Bemusement {Slay+4 SInv}
 37491 | Elf:3    | Reached skill level 21 in Dodging
 37870 | Elf:3    | Identified the +1 scale mail of Impatience {rElec Will-
                  | rCorr Str+4}
 37901 | Elf:3    | Identified the +1 arbalest of Itaan {antimagic, rC- Str-4
                  | Int+4 Dex+8}
 37932 | Elf:3    | Got Sif Muna's Directory of the Ironbound Cucurbite
 37943 | Elf:3    | Identified the +0 ring mail of Farfalle {Harm rElec rC-
                  | Regen+}
 37953 | Elf:3    | Identified the +8 chain mail of Noon {Int+2}
 38319 | Vaults:1 | Entered Level 1 of the Vaults
 39028 | Vaults:1 | Reached XP level 20. HP: 126/126 MP: 40/40
 39153 | Vaults:1 | Acquired 1013 gold pieces
 39982 | Vaults:2 | You fall into a shaft and drop 2 floors!
 40371 | Vaults:4 | Noticed Margery
 40392 | Vaults:4 | Found a huge runed translucent gate.
 40392 | Vaults:4 | Found a huge runed translucent gate.
 40392 | Vaults:4 | Found a huge runed translucent gate.
 40392 | Vaults:4 | Found a huge runed translucent gate.
 40392 | Vaults:4 | Found a huge runed translucent gate.
 40392 | Vaults:4 | Found a huge runed translucent gate.
 40393 | Vaults:4 | Found a huge runed translucent gate.
 40393 | Vaults:4 | Found a huge runed translucent gate.
 40393 | Vaults:4 | Found a huge runed translucent gate.
 40393 | Vaults:4 | Found a huge runed translucent gate.
 40393 | Vaults:4 | Found a huge runed translucent gate.
 40394 | Vaults:4 | Found a huge runed translucent gate.
 40395 | Vaults:4 | Found a huge runed translucent gate.
 40396 | Vaults:4 | Found a huge runed translucent gate.
 40397 | Vaults:4 | Found a huge runed translucent gate.
 40398 | Vaults:4 | Found a huge runed translucent gate.
 40398 | Vaults:4 | Found a huge runed translucent gate.
 40403 | Vaults:4 | Found a huge runed translucent gate.
 40404 | Vaults:4 | Found a huge runed translucent gate.
 40404 | Vaults:4 | Found a huge runed translucent gate.
 40404 | Vaults:4 | Found a huge runed translucent gate.
 40404 | Vaults:4 | Found a huge runed translucent gate.
 40406 | Vaults:4 | Found a huge runed translucent gate.
 40407 | Vaults:4 | Found a huge runed translucent gate.
 40408 | Vaults:4 | Found a huge runed translucent gate.
 40408 | Vaults:4 | Found a huge runed translucent gate.
 40413 | Vaults:4 | Found a huge runed translucent gate.
 40416 | Vaults:4 | Found a huge runed translucent gate.
 40417 | Vaults:4 | Found a huge runed translucent gate.
 40417 | Vaults:4 | Found a huge runed translucent gate.
 40417 | Vaults:4 | Found a huge runed translucent gate.
 40419 | Vaults:4 | Found a huge runed translucent gate.
 40420 | Vaults:4 | Found a huge runed translucent gate.
 40421 | Vaults:4 | Found a huge runed translucent gate.
 40421 | Vaults:4 | Found a huge runed translucent gate.
 40426 | Vaults:4 | Found a huge runed translucent gate.
 40462 | Vaults:4 | Found Byomoav's Weapon Emporium.
 40859 | Vaults:4 | Noticed Mennas
 41142 | Vaults:2 | Reached skill level 10 in Earth Magic
 41620 | Vaults:2 | Found a staircase to the Crypt.
 42419 | Vaults:2 | Reached skill level 22 in Dodging
 42881 | Vaults:3 | Reached skill level 15 in Fighting
 43082 | Vaults:3 | Noticed Zenata
 43090 | Vaults:3 | Killed Zenata
 43580 | Vaults:3 | Reached skill level 10 in Stealth
 43646 | Vaults:3 | Reached XP level 21. HP: 132/134 MP: 37/41
 44122 | Depths:1 | Entered Level 1 of the Depths
 45157 | Spider:2 | Reached skill level 10 in Conjurations
 46072 | Spider:3 | Learned a level 7 spell: Spellforged Servitor
 46093 | Spider:3 | Noticed Donald
 46102 | Spider:3 | Killed Donald
 46422 | Spider:4 | Entered Level 4 of the Spider Nest
 46600 | Spider:4 | Noticed Bai Suzhen
 46625 | Spider:4 | Killed Bai Suzhen
 47169 | Spider:4 | Got a gossamer rune of Zot
 48112 | Vaults:4 | Killed Margery
 48319 | Vaults:5 | Entered Level 5 of the Vaults
 48319 | Vaults:5 | Noticed a golden dragon
 48320 | Vaults:5 | Killed a golden dragon
 48321 | Vaults:5 | Reached XP level 22. HP: 123/143 MP: 42/42
 48489 | Vaults:5 | Identified the +3 robe of Inference {rF+ Str-5 Int-5 Dex+4}
 48489 | Vaults:5 | Noticed Boris
 48496 | Vaults:5 | Noticed a golden dragon
 48502 | Vaults:4 | Killed Boris
 48723 | Vaults:5 | Noticed a golden dragon
 48728 | Vaults:5 | Killed a golden dragon
 48840 | Vaults:5 | Noticed a dread lich
 48846 | Vaults:5 | Killed a dread lich
 49051 | Depths:1 | Found a gateway to Hell.
 49147 | Depths:1 | Found Otosyacep's Book Shop.
 49147 | Depths:1 | Found Ejubuene's Jewellery Shoppe.
 49148 | Depths:1 | Found Panureps's Jewellery Shoppe.
 49227 | Depths:1 | Found a shadowy altar of Dithmenos.
 49488 | Depths:1 | Reached skill level 15 in Conjurations
 50477 | Depths:2 | Acquired the Compendium of Sinister Magic and Incineration
 50483 | Depths:2 | Learned a level 3 spell: Fugue of the Fallen
 50538 | Depths:2 | Identified the +5 halberd "Pinoz" {freeze, +Blink rElec rF+
                  | Will-}
 50676 | Depths:2 | Reached skill level 1 in Summonings
 51116 | Depths:2 | Reached skill level 5 in Summonings
 51235 | Depths:2 | Found a one-way gate leading to the halls of Pandemonium.
 51654 | Vaults:5 | Noticed Saint Roka
 51858 | Vaults:5 | Killed a golden dragon
 51862 | Vaults:5 | Noticed an ancient lich
 51863 | Vaults:5 | Killed Saint Roka
 51864 | Vaults:5 | Reached XP level 23. HP: 113/137 MP: 34/43
 51926 | Vaults:5 | Killed an ancient lich
 52234 | Vaults:5 | Reached skill level 10 in Summonings
 52521 | Vaults:5 | Learned a level 7 spell: Orb of Destruction
 52643 | Vaults:5 | Identified the +8 plate armour of Instinct {+Inv Int+3}
 52849 | Vaults:5 | Identified the +2 long sword of Doom {protect, Will+ Int+5}
 52995 | Vaults:5 | Noticed an ancient lich
 53003 | Vaults:5 | Killed an ancient lich
 53010 | Vaults:5 | Identified the ring of Untruth {rPois rF- EV+5 Slay+3 SInv}
 53041 | Vaults:5 | Identified the +8 chain mail of Noughts and Crosses {rF-
                  | Will++ rCorr Stlth+}
 53161 | Vaults:5 | Found Irrahui's Antique Weapon Shoppe.
 53174 | Vaults:5 | Found Luciw's Magic Scroll Shoppe.
 53193 | Vaults:5 | Found Ruotups's Magic Scroll Shop.
 53197 | Vaults:5 | Bought a scroll of fear for 56 gold pieces
 53219 | Vaults:5 | Found Qixiy's Magic Scroll Boutique.
 53223 | Vaults:5 | Bought a scroll of enchant armour for 75 gold pieces
 53230 | Vaults:5 | Found Miup's Distillery.
 53235 | Vaults:5 | Bought a potion of heal wounds for 65 gold pieces
 53364 | Vaults:5 | Identified the +8 falchion of Uzemecho {pain, rElec rC+}
 53364 | Vaults:5 | Identified the ring "Wihatirgh" {Ice Str+4 Int+3}
 53427 | Vaults:5 | Got a silver rune of Zot
 53565 | Vaults:5 | Identified the staffcold "Vearepel" {rF+ rC+ Fire Ice}
 54003 | Depths:3 | Identified the +8 scimitar of Moenlain {drain, rC+ rN+
                  | rCorr}
 54406 | Depths:3 | Found a sparkling altar of Nemelex Xobeh.
 54619 | Depths:3 | Reached skill level 15 in Spellcasting
 55328 | Depths:4 | Entered Level 4 of the Depths
 55565 | Depths:4 | Noticed a caustic shrike
 55568 | Depths:4 | Noticed a caustic shrike
 55569 | Depths:4 | Noticed a caustic shrike
 55569 | Depths:4 | Noticed a caustic shrike
 55570 | Depths:4 | Noticed a caustic shrike
 55579 | Depths:4 | Killed a caustic shrike
 55581 | Depths:4 | Killed a caustic shrike
 55581 | Depths:4 | Killed a caustic shrike
 55581 | Depths:4 | Killed a caustic shrike
 55582 | Depths:4 | Killed a caustic shrike
 56182 | Depths:4 | Reached XP level 24. HP: 151/157 MP: 45/45
 56292 | Depths:4 | Found Isunleal's Jewellery Boutique.
 56311 | Depths:4 | Found a one-way gateway to a ziggurat.
 56378 | Depths:4 | Found an iron altar of Okawaru.
 56410 | Depths:4 | Found a corrupted altar of Lugonu.
 56501 | Depths:4 | Noticed a juggernaut
 56512 | Depths:4 | Killed a juggernaut
 56631 | Depths:4 | Found a gate to the Realm of Zot.
 56864 | Zot:1    | Entered Level 1 of the Realm of Zot
 56952 | Zot:1    | You fall into a shaft and drop 1 floor!
 56974 | Zot:2    | Noticed an ancient lich
 58543 | Zot:2    | Noticed a dread lich
 58551 | Zot:2    | Killed a dread lich
 58830 | Zot:2    | Identified the +1 falchion "Veacka" {vamp, Str+6 Dex+2
                  | SInv}
 58989 | Zot:2    | Killed an ancient lich
 59473 | Zot:2    | Reached skill level 23 in Dodging
 59806 | Zot:2    | Reached skill level 15 in Summonings
 60145 | Zot:3    | Reached XP level 25. HP: 165/165 MP: 47/47
 60250 | Zot:3    | Found a transporter.
 60428 | Zot:3    | Identified the +5 scale mail of Circular Logic {rPois Str+2
                  | Int-2 Dex+3}
 61890 | Zot:4    | Learned a level 3 spell: Passwall
 62030 | Zot:4    | Noticed an orb of fire
 62031 | Zot:4    | Reached skill level 24 in Dodging
 62040 | Zot:4    | Gained mutation: You occasionally shout uncontrollably at
                  | your foes. [an orb of fire]
 62043 | Zot:4    | Killed an orb of fire
 62848 | Zot:5    | Entered Level 5 of the Realm of Zot
 63705 | Zot:5    | Noticed an orb of fire
 63715 | Zot:5    | Gained mutation: Potions are less effective at restoring
                  | your health. [an orb of fire]
 63717 | Zot:5    | Killed an orb of fire
 63726 | Zot:5    | Gained mutation: Potions cannot restore your health.
                  | [mutagenic glow]
 63782 | Zot:5    | Lost mutation: Potions cannot restore your health. [potion
                  | of mutation]
 63782 | Zot:5    | Lost mutation: Potions are less effective at restoring your
                  | health. [potion of mutation]
 63782 | Zot:5    | Lost mutation: You occasionally shout uncontrollably at
                  | your foes. [potion of mutation]
 63782 | Zot:5    | Gained mutation: You have large cloven feet. [potion of
                  | mutation]
 64121 | Zot:5    | Noticed an orb of fire
 64471 | Zot:5    | Noticed an orb of fire
 64481 | Zot:5    | Gained mutation: Your mind is acute. (Int +4, Str/Dex -1)
                  | [an orb of fire]
 64482 | Zot:5    | Killed an orb of fire
 64530 | Zot:5    | Gained mutation: Your body sometimes deteriorates upon
                  | taking damage. [an orb of fire]
 64531 | Zot:5    | Gained mutation: You occasionally lose the ability to drink
                  | potions when taking damage. [an orb of fire]
 64533 | Zot:5    | Gained mutation: You sometimes lose your temper in combat.
                  | [an orb of fire]
 64536 | Zot:5    | Killed an orb of fire
 65121 | Zot:5    | Noticed a Killer Klown
 65134 | Zot:5    | Killed a Killer Klown
 65506 | Zot:5    | Noticed an ancient lich
 65523 | Zot:5    | Killed an ancient lich
 65536 | Zot:5    | Noticed an orb of fire
 65543 | Zot:5    | Killed an orb of fire
 65825 | Zot:5    | Reached XP level 26. HP: 172/174 MP: 47/47
 65875 | Zot:5    | Noticed an orb of fire
 65878 | Zot:5    | Gained mutation: Your body often deteriorates upon taking
                  | damage. [an orb of fire]
 65883 | Zot:5    | Killed an orb of fire
 65937 | Zot:5    | Noticed an orb of fire
 66255 | Zot:5    | Noticed an orb of fire
 66261 | Zot:5    | Gained mutation: You occasionally shout uncontrollably at
                  | your foes. [an orb of fire]
 66263 | Zot:5    | Killed an orb of fire
 66628 | Zot:5    | Noticed a dread lich
 66634 | Zot:5    | Killed a dread lich
 66641 | Zot:5    | Noticed a dread lich
 66650 | Zot:5    | Killed a dread lich
 67193 | Zot:5    | Noticed an orb of fire
 67204 | Zot:5    | Killed an orb of fire
 67212 | Zot:5    | Gained mutation: You are weak. (Str -2) [an orb of fire]
 67213 | Zot:5    | Killed an orb of fire
 67658 | Zot:5    | Reached skill level 25 in Dodging
 68366 | Zot:5    | Got the Orb of Zot
 68372 | Zot:5    | Identified the +1 hand axe of Rubbish {holy, rC+ Int+2}
 68446 | Zot:5    | Noticed Ydonturph the pandemonium lord
 68660 | Depths:3 | Noticed Wetaihuo the pandemonium lord
 68837 | D:7      | Noticed Rauqaush the pandemonium lord
 68951 | D:$      | Escaped with the Orb!

Illustrated notes

Levels and vault maps discovered:
D:1:      wander_arrival_chamber, layout_basic, chequers_mini_garden
D:2:      layout_basic, nicolae_ecumenical_snake_handling,
          minmay_misc_feat_doors
D:3:      layout_rooms, eat_drink_and_be_merry_uskayaw, uniq_natasha
D:4:      layout_basic, serial_shops, shop_statue
D:5:      layout_loops_ring, gup_sewer_entry_bubbles
D:6:      layout_basic, minmay_temple_entry_waves, uniq_sigmund
D:7:      layout_gridville, amcnicky_altar_gilded,
          mainiacjoe_overflow_cross_hatched, grunt_temple_overflow_open,
          kennysheep_generic_room_14, uniq_crazy_yiuf_cottage
D:8:      lemuel_castle_with_subvaults [lemuel_castle_interior_carwin_3],
          layout_loops_ring
D:9:      layout_stronghold, lemuel_crystal_altar, hex_medium
D:10:     layout_basic, mainiacjoe_overflow_brackets,
          due_lair_maze_entry_diamond, lightli_bailey_entry_fortress
D:11:     layout_basic, serial_undead, serial_undead_d, serial_undead_f,
          serial_undead_a, serial_undead_e, serial_undead_c, serial_undead_f
D:12:     hangedman_cross_veins, layout_basic, minivault_15
D:13:     layout_irregular_city
D:14:     minmay_the_grid_triangle_9x9_line_8_mashed
          [minmay_the_grid_triangle_9x9_longest,
          minmay_the_grid_triangle_9x9_intruding_spiral,
          minmay_the_grid_triangle_9x9_limited_checkers,
          minmay_the_grid_triangle_9x9_sprig,
          minmay_the_grid_triangle_9x9_dagger,
          minmay_the_grid_triangle_9x9_impossible_snake,
          minmay_the_grid_triangle_9x9_negative_grid,
          minmay_the_grid_triangle_9x9_prize_schism], layout_gridville,
          erik_vaults_1, chequers_jeans
D:15:     hangedman_depths_entry_try_elsewhere_first, layout_small_grid,
          minmay_tree_intersection, serial_park_tiny_1
Temple:   zaba_magenta_temple
Lair:1:   layout_regular_city, infiniplex_staircase_pool_2
Lair:2:   layout_regular_city, st_stairs_3, grunt_megastairs_1, uniq_gastronok
Lair:3:   gammafunk_lair_enchanted_lake, layout_hall_layers, shoals_dummy_entry,
          nicolae_spider_entry_lesser_pyramids, infiniplex_staircase_pool,
          uniq_nessos
Lair:4:   layout_small_grid, chequers_serial_rivers_small_b,
          lemuel_fruit_fields, grunt_megastairs_4, serial_bayou_shore_a
Lair:5:   hellmonk_lair_end_abyssal_woods, layout_regular_city,
          minmay_slime_entry_pillars, ice2_lemuel, uniq_josephine, uniq_snorg
Shoals:1: cheibrodos_shoals_gigantism, layout_shoals, serial_shops,
          nicolae_shop_window_shopping, nicolae_shoals_the_drawing_of_the_three
Shoals:2: layout_shoals, serial_shops, nicolae_shop_back_alley_shop, shop,
          nicolae_shop_tiny_statue_garden, shop, nicolae_shop_advertising_works
          [nicolae_subvault_shop_adworks], nicolae_shoals_goliath_grotto
Shoals:3: layout_shoals, serial_shops, shop,
          nicolae_shoals_water_elemental_grotto, uniq_louise
Shoals:4: shoals_end_hellmonk_lost_city, uniq_polyphemus
Spider:1: layout_chambers
Spider:2: nicolae_spider_hilbert_zone_2 [nicolae_spider_hilbert_4_sides_1_open,
          nicolae_spider_hilbert_4_sides_1_open,
          nicolae_spider_hilbert_4_sides_1_open,
          nicolae_spider_hilbert_4_sides_1_open,
          nicolae_spider_hilbert_6_sides_1_open,
          nicolae_spider_hilbert_6_sides_1_open,
          nicolae_spider_hilbert_3_sides_1_open,
          nicolae_spider_hilbert_3_sides_1_open,
          nicolae_spider_hilbert_3_sides_1_open,
          nicolae_spider_hilbert_3_sides_1_open,
          nicolae_spider_hilbert_6_sides_1_open,
          nicolae_spider_hilbert_6_sides_1_open,
          nicolae_spider_hilbert_6_sides_1_open,
          nicolae_spider_hilbert_6_sides_1_open],
          nicolae_spider_some_kinda_spiderbox, uniq_jorgrun
Spider:3: layout_spider_delve, hellmonk_deceptive_appearances, uniq_donald
Spider:4: grunt_spider_rune_parallel, uniq_bai_suzhen
Orc:1:    layout_caves, basic_altar
Orc:2:    grunt_orc_gardens, layout_caves, grunt_orc_garden, grunt_orc_garden,
          grunt_orc_garden, grunt_orc_garden, portal_ice_cave_demonic_guard,
          uniq_urug
Elf:1:    eino_elf_arrival_the_gate, layout_gridlike, minmay_elf_annihilation,
          minivault_16, minmay_shop_star, uniq_kirke, uniq_frances
Elf:2:    nicolae_elf_blades_crystal_corner, layout_geoelf_diagonals,
          serial_shops, nicolae_shop_statue_plus, shop, shop,
          nicolae_shop_just_a_little_nook, serial_sigils_hangedman_snap,
          grunt_ministairs_5
Elf:3:    elf_hall, layout_loops_cross
Vaults:1: vaults_room_door_hall, grunt_vaults_trifunnel, v_misc_17,
          nicolae_vaults_stepped_doors, nicolae_vaults_tetromino_L_2,
          nicolae_vaults_windows_and_doors_thing,
          nicolae_vaults_offset_grid_hallway_3, hangedman_vaults_slice,
          nicolae_vaults_trapezoid_lopsided_2,
          nicolae_vaults_storage_room_glass, layout_vaults_ring
Vaults:2: nicolae_vaults_spaceships, v_misc_14, nicolae_vaults_house_2,
          ontoclasm_vaults_shuriken, ontoclasm_vaults_spin, v_misc_27, v_misc_1,
          nicolae_vaults_sealed_display, v_misc_24, layout_vaults_omnigrid
Vaults:3: nicolae_vaults_rhombus_7, vaults_mumra_chevron_long,
          ontoclasm_vaults_idyll, nicolae_vaults_triangles, v_misc_19,
          hangedman_vaults_nails, nicolae_vaults_turnstiles,
          nicolae_vaults_heart-shaped_vault,
          nicolae_vaults_trapezoid_lopsided_3, nicolae_vaults_network_barrier,
          v_misc_24, layout_vaults_maze_snakey, uniq_zenata
Vaults:4: hangedman_vaults_stagger, vaults_dpeg_ring, v_rooms_1,
          ontoclasm_vaults_misaligned, v_misc_25,
          nicolae_vaults_little_squares_6, nicolae_vaults_ellipses_ellipsis,
          vaults_room_hallway, not_door_vault_mu, vaults_dpeg_hooks,
          hangedman_vaults_snaps, v_misc_2, v_misc_22, ontoclasm_vaults_pinch,
          hangedman_vaults_stretched_pinwheel, layout_vaults_omnibox,
          serial_shops, nicolae_shop_behind_doors, uniq_margery, uniq_mennas
Vaults:5: uniq_boris, uniq_saint_roka
Depths:1: layout_basic, grunt_dithmenos_smoke_and_mirrors, hell_entry,
          corner_web_ring, nicolae_rejected_hall, minmay_shop_grove
Depths:2: minmay_diamond_stairs, layout_cave_shapes, rand_demon_pan_entry_3,
          pf_vacation_house_of_asmodeus, serial_sigils,
          serial_sigils_hangedman_stare, serial_sigils_hangedman_etch,
          serial_sigils_hangedman_gut, serial_sigils_hangedman_gut,
          serial_sigils_hangedman_carve, serial_sigils_hangedman_gnaw,
          hangedman_decor_clover_reticule
Depths:3: minmay_distorted_concentric_squares, layout_gridlike,
          abyss_entry_small_statue_room, nemelex_diamond_rough_becter,
          grunt_hell_entry_dis_old, infiniplex_staircase_split_hallway
Depths:4: evilmike_zot_entry_basic, layout_basic, enter_ziggurat_e,
          hellmonk_okawaru_the_only_friend_you_need, abyss_entry_flame_altar,
          serial_shops, nicolae_shop_tiny_waterfront, hell_entry,
          grunt_ministairs_6, serial_bayou_lagoon_b
Zot:1:    layout_gridlike, regret_index_zotdec_fiery_em
Zot:2:    hangedman_zot_vaults_quadrants, layout_concentric_octagons,
          uniq_parghit
Zot:3:    layout_gridlike, nicolae_diode_basic
Zot:4:    kennysheep_spiral_hall, layout_twisted_circle,
          hangedman_zot_decor_checkerboard
Zot:5:    layout_concentric_octagons

Skill      XL: |  1  2  3  4  5  6  7  8  9 10 11 12 13 14 15 16 17 18 19 20 21 22 23 24 25 26 |
---------------+-------------------------------------------------------------------------------+-----
Ranged Weapons | 6 7 8 9 10 12 14 16 17 18 20 | 20.0
Stealth        | 2 3 5 8 10 13 14 | 14.0
Spellcasting   | 1 2 4 7 8 10 12 14 16 18 | 18.1
Alchemy        | 1 2 4 6 8 9 11 12 13 | 13.0
Fighting       | 2 3 4 7 9 10 11 12 13 15 16 17 19 20 21 | 21.4
Dodging        | 3 4 5 9 12 14 16 17 18 20 21 22 23 24 25 | 25.0
Evocations     | 5 6 9 10 11 13 16 18 19 20 21 | 21.0
Necromancy     | 3 7 8 11 | 11.0
Earth Magic    | 3 6 8 9 10 | 10.0
Fire Magic     | 4 6 8 |  8.0
Conjurations   | 5 7 9 12 16 | 16.0
Summonings     | 7 13 15 | 15.0

Action                     |  1- 3 |  4- 6 |  7- 9 | 10-12 | 13-15 | 16-18 | 19-21 | 22-24 | 25-27 || total
---------------------------+-------+-------+-------+-------+-------+-------+-------+-------+-------++-------
  Melee: Shortbow          |       |     9 |       |       |       |       |       |       |       ||     9
   Fire: Shortbow          |   122 |   196 |    81 |       |       |       |       |       |       ||   399
         Arbalest          |       |       |    57 |       |       |  1061 |  1265 |  1302 |   655 ||  4340
         Orcbow            |       |       |   108 |   595 |  1040 |    26 |       |       |       ||  1769
  Throw: Throwing net      |       |       |       |     2 |       |       |       |       |       ||     2
   Cast: Olgreb's Toxic Ra |       |       |       |    21 |    92 |   172 |   154 |    62 |    16 ||   517
         Ignite Poison     |       |       |       |       |     1 |    61 |    61 |    23 |     7 ||   153
         Borgnjor's Vile C |       |       |       |       |       |     9 |     7 |    33 |    25 ||    74
         Irradiate         |       |       |       |       |       |       |     3 |     6 |     5 ||    14
         Fugue of the Fall |       |       |       |       |       |       |       |    19 |     9 ||    28
         Spellforged Servi |       |       |       |       |       |       |       |    30 |    39 ||    69
         Passwall          |       |       |       |       |       |       |       |       |     2 ||     2
 Invoke: Sacrifice Essence |       |       |     1 |       |       |       |       |       |       ||     1
         Sacrifice Resista |       |       |       |     1 |       |       |       |       |       ||     1
         Sacrifice Courage |       |       |       |     1 |       |       |       |       |       ||     1
         Sacrifice Words   |       |       |       |     1 |       |       |       |       |       ||     1
         Apocalypse        |       |       |       |       |     4 |     3 |     3 |    10 |     1 ||    21
         Sacrifice Durabil |       |       |       |       |     1 |       |       |       |       ||     1
  Evoke: Wand              |       |       |     2 |     1 |     1 |     2 |       |     2 |    11 ||    19
         Phial of floods   |       |       |       |       |       |     1 |     1 |       |       ||     2
         Phantom mirror    |       |       |       |       |       |       |     2 |       |       ||     2
         Box of beasts     |       |       |       |       |       |       |     3 |     1 |     1 ||     5
         Lightning rod     |       |       |       |       |       |       |       |       |     4 ||     4
    Use: Potion            |       |     2 |       |       |       |       |       |     2 |     2 ||     6
         Scroll            |       |       |    11 |     6 |     8 |     9 |     7 |     6 |     9 ||    56
 Armour: Leather armour    |    31 |    56 |    39 |    63 |    62 |    96 |   136 |   172 |   104 ||   759
         Robe              |       |       |       |       |     1 |       |       |       |       ||     1
  Dodge: Dodged            |    16 |    32 |    52 |    94 |   279 |   411 |   326 |   335 |   196 ||  1741

Table legend: (Time is in decaauts)
 A = Elapsed time spent in this place.
 B = Non-inter-level travel time spent in this place.
 C = Inter-level travel time spent in this place.
 D = Time resting spent in this place.
 E = Time spent auto-exploring this place.
 F = Levels seen in this place.
 G = Mean time per level.
                   A        B        C        D        E       F      G
               +--------+--------+--------+--------+--------+-----+--------+
         Total |  67812 |  62283 |   5529 |  14886 |  36707 |  50 | 1356.2 |
       Dungeon |  15832 |  14150 |   1682 |   2565 |   8970 |  15 | 1055.5 |
        Temple |     34 |      1 |     33 |      0 |      0 |   1 |   34.0 |
          Lair |   6397 |   5426 |    971 |    326 |   4023 |   5 | 1279.4 |
        Shoals |   5560 |   5381 |    179 |   1336 |   3231 |   4 | 1390.0 |
   Spider Nest |   4943 |   4702 |    241 |    744 |   3185 |   4 | 1235.8 |
  Orcish Mines |   1742 |   1520 |    222 |     74 |    943 |   2 |  871.0 |
   Elven Halls |   6778 |   6243 |    535 |   2702 |   2612 |   3 | 2259.3 |
        Vaults |   8820 |   7951 |    869 |   1356 |   5346 |   5 | 1764.0 |
        Depths |   5694 |   5358 |    336 |    658 |   3860 |   4 | 1423.5 |
           Zot |  11414 |  10956 |    458 |   5025 |   4193 |   5 | 2282.8 |
        Bailey |    546 |    546 |      0 |    100 |    334 |   1 |  546.0 |
      Ice Cave |     46 |     46 |      0 |      0 |      7 |   1 |   46.0 |
               +--------+--------+--------+--------+--------+-----+--------+

Top non-repeatable levels by time:
   Zot:5: 5356 daAuts
   Elf:3: 2884 daAuts
Vaults:4: 2534 daAuts
   Zot:2: 2236 daAuts
   Elf:2: 2181 daAuts
Vaults:2: 1823 daAuts
Spider:1: 1823 daAuts
   Zot:3: 1805 daAuts
Shoals:4: 1791 daAuts
   Elf:1: 1712 daAuts
Spider:2: 1671 daAuts
  Lair:5: 1613 daAuts
    D:14: 1583 daAuts
Vaults:1: 1565 daAuts
Depths:4: 1520 daAuts
